[Event "Titled Tuesday Blitz February 22 Early 2022"]
[White "Timofeev, Artyom"]
[Black "Kollars, Dmitrij"]
[WhiteFideId "4140419"]
[BlackFideId "12909572"]
[WhiteElo "2583"]
[BlackElo "2584"]
[Result "0-1"]
[Round "09"]
[TimeControl "180+1"]
[Date "2022.02.22"]
[WhiteClock "0:00:24"]
[BlackClock "0:00:22"]

1. d4 Nf6 2. c4 e6 3. Nc3 Bb4 4. e3 O-O 5. Bd3 d5 6. Nf3 c5 7. O-O Nc6 8. a3 Bxc3 9. bxc3 Re8 10. Bb2 b6 11. cxd5 exd5 12. c4 dxc4 13. Bxc4 cxd4 14. Nxd4 Ne5 15. Be2 Bb7 16. Qb3 Ne4 17. Rad1 Qg5 18. f4 Qg6 19. fxe5 Nc5 20. Qxf7+ Qxf7 21. Rxf7 Kxf7 22. Bc4+ Kg6 23. Nb5 Rad8 24. Nd6 Re7 25. Bd4 Ba6 26. Ba2 Rf8 27. Bb1+ Kg5 28. h3 g6 29. Bxc5 bxc5 30. Ne4+ Kh6 31. Nxc5 Bc8 32. Rd5 Rfe8 33. Nd3 Bf5 34. g4 Bxd3 35. Bxd3 Rxe5 36. Rd7 R8e7 37. Rd6 Rxe3 38. Kg2 Kg5 39. a4 Kh4 40. Rd4 Rg3+ 41. Kf2 Kxh3 42. g5 Rf7+ 43. Ke1 Rxg5 0-1


[Site "https://www.chess.com"]

[Event "Titled Tuesday Blitz February 22 Early 2022"]
[White "Todorovic, Bojan"]
[Black "Sanchez Alvares, Kelvin Antonio"]
[WhiteFideId "917087"]
[BlackFideId "3906680"]
[WhiteElo "2266"]
[BlackElo "2193"]
[Result "0-1"]
[Round "09"]
[TimeControl "180+1"]
[Date "2022.02.22"]
[WhiteClock "0:00:01"]
[BlackClock "0:00:02"]

1. Nf3 c5 2. c4 g6 3. g3 Bg7 4. Bg2 Nf6 5. O-O O-O 6. Nc3 Nc6 7. a3 d5 8. cxd5 Nxd5 9. Nxd5 Qxd5 10. d3 e5 11. Be3 Qd6 12. Rc1 Nd4 13. b4 cxb4 14. Nxd4 exd4 15. Bf4 Qb6 16. axb4 Qxb4 17. Rc4 Qe7 18. Qc2 a5 19. Rb1 Re8 20. Bf3 g5 21. Bc7 g4 22. Be4 Kh8 23. Rb2 f5 24. Bg2 a4 25. Bb6 a3 26. Ra2 Be6 27. Bc5 Qf7 28. Rxa3 Rxa3 29. Bxa3 Bxc4 30. dxc4 Ra8 31. Qb3 Re8 32. Kf1 Rc8 33. Bd5 Qd7 34. Bb2 Rb8 35. Qd3 b5 36. Bxd4 bxc4 37. Qxc4 Rb1+ 38. Kg2 Bxd4 39. Qxd4+ Qg7 40. Qc5 Rb8 41. Be6 Qb7+ 42. f3 gxf3+ 43. exf3 Qb2+ 44. Kh3 Qf6 45. Qxf5 Rf8 46. Qxf6+ Rxf6 47. Bd5 Kg7 48. f4 h6 49. Kg4 Rb6 50. Be4 Kf6 51. h4 Rb5 52. h5 Rb3 53. Bg6 Rc3 54. Kh4 Rc1 55. Kg4 Rc3 56. Kh3 Ke6 57. Kh4 Kf6 58. Kg4 Rc4 59. Kf3 Rb4 60. Kf2 Ra4 61. Ke3 Ra3+ 62. Kf2 Ke6 63. Kg2 Kf6 64. Kh3 Rb3 65. Kg4 Rb4 66. Kh4 Rb3 67. Kh3 Ra3 68. Kg2 Ra1 69. Kf3 Ra2 70. Kg4 Ra3 71. Kh4 Ra2 72. Kh3 Ra1 73. Kg4 Ra4 74. Kh4 Ra3 75. Kh3 Ke6 76. Kg4 Kd5 77. Kh4 Kd4 78. g4 Ke3 79. g5 Kxf4 80. gxh6 Ra1 81. Kh3 Ra8 82. h7 Rh8 83. Kh4 Ke5 84. Kg5 Ke6 85. Bf5+ Kf7 86. Bg6+ Kg7 0-1


[Site "https://www.chess.com"]

[Event "Titled Tuesday Blitz February 22 Early 2022"]
[White "Tuleyeva-Aketayeva, Dana"]
[Black "Nithyalakshmi, Sivanesan"]
[WhiteFideId "13701932"]
[BlackFideId "5706955"]
[WhiteElo "1944"]
[BlackElo "1815"]
[Result "0-1"]
[Round "09"]
[TimeControl "180+1"]
[Date "2022.02.22"]
[WhiteClock "0:00:01"]
[BlackClock "0:00:02"]

1. d4 e6 2. Nf3 b6 3. g3 Bb7 4. Bg2 f5 5. O-O Nf6 6. c4 Bb4 7. a3 Be7 8. Nc3 d6 9. b4 O-O 10. Ng5 Bxg2 11. Kxg2 Qd7 12. d5 exd5 13. Nxd5 Nc6 14. b5 Ne5 15. Nxf6+ Bxf6 16. Qd5+ Kh8 17. Ne6 Rfe8 18. Nd4 Rab8 19. Ra2 Ra8 20. a4 a6 21. Bd2 axb5 22. cxb5 g6 23. Rc1 Ra7 24. a5 bxa5 25. Rxa5 Rxa5 26. Bxa5 Bd8 27. Nc6 Nxc6 28. bxc6 Qe6 29. Qd4+ Bf6 30. Qd3 Re7 31. e3 Kg7 32. Rb1 Qa2 33. Bc3 Qe6 34. Rb7 Kf7 35. Bxf6 Qxf6 36. Qc4+ Kg7 37. Qb5 Qf7 38. Qa5 h6 39. Qa8 Qd5+ 40. Kg1 Qxc6 41. Qa7 Qc1+ 42. Kg2 Qc6+ 43. Kg1 Qd7 44. Qd4+ Kh7 45. Rb8 Re8 46. Rb7 Re7 47. Rb8 Re8 48. Rb7 Qf7 49. Qa4 Re7 50. Qc2 Kg7 51. Qc3+ Qf6 0-1


[Site "https://www.chess.com"]

[Event "Titled Tuesday Blitz February 22 Early 2022"]
[White "Tymrakiewicz, Rafal"]
[Black "Liyanage, Ranindu Dilshan"]
[WhiteFideId "1108832"]
[BlackFideId "9915834"]
[WhiteElo "2205"]
[BlackElo "1858"]
[Result "1-0"]
[Round "09"]
[TimeControl "180+1"]
[Date "2022.02.22"]
[WhiteClock "0:00:33"]
[BlackClock "0:01:08"]

1. d4 Nf6 2. Bg5 e6 3. Nd2 d5 4. e3 Be7 5. Bd3 Nbd7 6. f4 b6 7. Ngf3 Bb7 8. Ne5 Nxe5 9. fxe5 Ne4 10. Bxe7 Qxe7 11. O-O O-O 12. Nxe4 dxe4 13. Bc4 Qg5 14. Qe2 Rad8 15. c3 c5 16. Rf2 cxd4 17. cxd4 Rc8 18. Raf1 Rc7 19. Bxe6 h6 20. Bb3 Re7 21. Rf4 Qg6 22. Rg4 Qc6 23. Rf6 Qc8 24. Rfg6 Qc1+ 25. Kf2 Re6 26. Rxg7+ Kh8 27. Kg3 Bc8 28. Qf2 h5 29. R4g5 h4+ 30. Kxh4 Rh6+ 31. Kg3 Qh1 32. Rg8+ Rxg8 33. Rxg8+ 1-0


[Site "https://www.chess.com"]

[Event "Titled Tuesday Blitz February 22 Early 2022"]
[White "Vakhlamov, Igor L."]
[Black "Osmonbekov, Talaibek"]
[WhiteFideId "24126748"]
[BlackFideId "2017253"]
[WhiteElo "2401"]
[BlackElo "2135"]
[Result "1-0"]
[Round "09"]
[TimeControl "180+1"]
[Date "2022.02.22"]
[WhiteClock "0:01:34"]
[BlackClock "0:00:01"]

1. e4 c5 2. Nf3 d6 3. Nc3 e5 4. Bc4 Nc6 5. d3 Be7 6. O-O Nf6 7. Ng5 O-O 8. f4 h6 9. Nf3 Be6 10. fxe5 dxe5 11. Bxe6 fxe6 12. Be3 Nd4 13. Nxe5 Bd6 14. Ng6 Qc7 15. h3 Rf7 16. Kh1 Kh7 17. Bxd4 Kxg6 18. Bxf6 gxf6 19. Qg4+ Kh7 20. Qxe6 Qe7 21. Qf5+ Kg7 22. Nd5 Qe5 23. Qxe5 Bxe5 24. c3 Rd8 25. Rf5 Kg6 26. g4 Rh7 27. Rh5 Rhd7 28. Rf1 Rxd5 29. exd5 Rxd5 30. Rf3 Rd6 31. Rhf5 b5 32. Kg2 b4 33. cxb4 cxb4 34. b3 Rc6 35. Rf2 Rc3 36. Rd2 Rc6 37. d4 Rd6 38. d5 Bc3 39. Rd3 Be5 40. Rf2 a5 41. Rc2 1-0


[Site "https://www.chess.com"]

[Event "Titled Tuesday Blitz February 22 Early 2022"]
[White "Van den Dikkenberg, Erik"]
[Black "Lakshmi C"]
[WhiteFideId "1005880"]
[BlackFideId "25035347"]
[WhiteElo "2118"]
[BlackElo "1775"]
[Result "1/2-1/2"]
[Round "09"]
[TimeControl "180+1"]
[Date "2022.02.22"]
[WhiteClock "0:00:31"]
[BlackClock "0:00:28"]

1. e4 c5 2. Nc3 Nc6 3. Bb5 g6 4. Bxc6 dxc6 5. f4 Bg7 6. Nf3 e6 7. d3 Ne7 8. O-O O-O 9. Kh1 f5 10. e5 Nd5 11. Bd2 Rb8 12. a4 a6 13. a5 b5 14. axb6 Nxb6 15. b3 Nd5 16. Na4 Qe7 17. c4 Nb6 18. Nxb6 Rxb6 19. Ra5 Rd8 20. Be3 Qb7 21. Bxc5 Rxb3 22. d4 Bf8 23. Bxf8 Kxf8 24. d5 cxd5 25. cxd5 Rxd5 26. Rxd5 Qxd5 27. Qxd5 exd5 28. Rc1 Bd7 29. h3 a5 30. Ng5 h6 31. Nh7+ Ke7 32. Nf6 Be6 33. Rc7+ Kf8 34. Rc6 Kf7 35. Rc7+ Kf8 36. Nh7+ Ke8 37. Nf6+ Kf8 1/2-1/2


[Site "https://www.chess.com"]

[Event "Titled Tuesday Blitz February 22 Early 2022"]
[White "Vidit, Santosh Gujrathi"]
[Black "Ponkratov, Pavel"]
[WhiteFideId "5029465"]
[BlackFideId "4157800"]
[WhiteElo "2654"]
[BlackElo "2487"]
[Result "1-0"]
[Round "09"]
[TimeControl "180+1"]
[Date "2022.02.22"]
[WhiteClock "0:00:16"]
[BlackClock "0:01:05"]

1. d4 d5 2. c4 dxc4 3. e4 c5 4. d5 e6 5. Nc3 Nf6 6. Bxc4 exd5 7. Nxd5 Be7 8. Bf4 Nxd5 9. Bxd5 O-O 10. Ne2 Nc6 11. O-O Nb4 12. Nc3 Bf6 13. Bd6 Re8 14. Bxc5 Bxc3 15. bxc3 Nxd5 16. Qxd5 Qxd5 17. exd5 b6 18. Be3 Ba6 19. Rfd1 Rac8 20. a4 Rxc3 21. a5 bxa5 22. Rxa5 Be2 23. Re1 Bc4 24. Rc5 f5 25. d6 Rd8 26. Bd4 Rc2 27. Rc7 g6 28. Bf6 Rf8 29. Rg7+ Kh8 30. Rf7+ Kg8 31. Rxf8+ Kxf8 32. d7 1-0


[Site "https://www.chess.com"]

[Event "Titled Tuesday Blitz February 22 Early 2022"]
[White "Vifleemskaia, Svetlana"]
[Black "Von Buelow, Georg"]
[WhiteFideId "4129490"]
[BlackFideId "4620658"]
[WhiteElo "1901"]
[BlackElo "2205"]
[Result "0-1"]
[Round "09"]
[TimeControl "180+1"]
[Date "2022.02.22"]
[WhiteClock "0:01:18"]
[BlackClock "0:02:07"]

1. d4 d5 2. c4 dxc4 3. Nf3 Nf6 4. e3 a6 5. Bxc4 e6 6. O-O c5 7. Qe2 Nc6 8. Rd1 Qc7 9. Nc3 Be7 10. d5 exd5 11. Nxd5 Nxd5 12. Bxd5 O-O 13. h3 Nb4 14. Bb3 b5 15. Bd2 c4 16. Bxb4 Bxb4 17. Bc2 Bb7 18. Nd4 Qe5 19. Qh5 Qxh5 0-1


[Site "https://www.chess.com"]

[Event "Titled Tuesday Blitz February 22 Early 2022"]
[White "Viskelis, Darius"]
[Black "Samaganova, Aleksandra"]
[WhiteFideId "12800830"]
[BlackFideId "13800221"]
[WhiteElo "1999"]
[BlackElo "1859"]
[Result "0-1"]
[Round "09"]
[TimeControl "180+1"]
[Date "2022.02.22"]
[WhiteClock "0:00:01"]
[BlackClock "0:00:04"]

1. e4 c5 2. d4 cxd4 3. c3 Nf6 4. e5 Nd5 5. Nf3 d6 6. cxd4 Bg4 7. Be2 e6 8. O-O Nc6 9. Re1 Be7 10. h3 Bh5 11. Nc3 Nxc3 12. bxc3 O-O 13. Bf4 Rc8 14. Rc1 Na5 15. exd6 Bxd6 16. Ne5 Bxe2 17. Qxe2 Bxe5 18. Bxe5 Nc4 19. Bg3 Qd5 20. Qg4 Rfd8 21. h4 Qa5 22. h5 h6 23. Bf4 Kh8 24. Re2 Rd5 25. Bg3 Rxh5 26. Rd1 Rd5 27. Rd3 Rcd8 28. Rf3 R8d7 29. Qh4 Qd8 30. Qg4 Qg5 31. Qxg5 Rxg5 32. Bf4 Rb5 33. Kh2 Rb1 34. Bb8 a6 35. d5 exd5 36. Re8+ Kh7 37. Rf8 Kg6 38. Ba7 Re1 39. Bd4 f6 40. Rg8 Re4 41. Rg3+ Kh7 42. Rb8 b5 43. Ra8 Nd6 44. Rxa6 Nf5 45. Rd3 Nxd4 46. Rxd4 Re2 47. Ra5 Rxf2 48. Rxb5 Rxa2 49. Rbxd5 Rxd5 50. Rxd5 Rc2 51. Rc5 Kg6 52. Rc7 h5 53. c4 Kh6 54. Kg3 g6 55. Rc6 Kg5 56. Rc5+ f5 57. Rc6 Rc3+ 58. Kf2 h4 59. c5 Kh5 60. Rc8 g5 61. c6 Kg4 62. c7 f4 63. Ke2 Rc5 64. Kd3 h3 65. gxh3+ Kg3 66. Kd4 Rc1 67. Rg8 Rxc7 68. Rxg5+ Kxh3 0-1


[Site "https://www.chess.com"]

[Event "Titled Tuesday Blitz February 22 Early 2022"]
[White "Vlassov, Nikolai"]
[Black "Galchenko, Matvey"]
[WhiteFideId "4103360"]
[BlackFideId "24175480"]
[WhiteElo "2407"]
[BlackElo "2453"]
[Result "0-1"]
[Round "09"]
[TimeControl "180+1"]
[Date "2022.02.22"]
[WhiteClock "0:00:32"]
[BlackClock "0:00:55"]

1. e4 e6 2. d4 d5 3. exd5 exd5 4. Nf3 Nf6 5. c4 Bb4+ 6. Nc3 O-O 7. Bd3 dxc4 8. Bxc4 Nc6 9. O-O Bg4 10. Be3 Rb8 11. Be2 Re8 12. h3 Bh5 13. d5 Bxc3 14. dxc6 Bxb2 15. Rb1 bxc6 16. Bxa7 Qxd1 17. Bxd1 Ra8 18. Be3 Ba3 19. Nd4 Bg6 20. Rb7 Nd5 21. Bb3 Nxe3 22. fxe3 Bd6 23. Nf5 Be5 24. g4 Kh8 25. Rc1 Ra6 26. Nh4 Be4 27. Bxf7 Rf8 28. Bc4 Ra3 29. Nf5 g6 30. Nh6 Kg7 31. g5 Rxe3 32. Ng4 Rg3+ 0-1


[Site "https://www.chess.com"]

[Event "Titled Tuesday Blitz February 22 Early 2022"]
[White "Voege, Tobias"]
[Black "Zheenbekov, Nurgazy"]
[WhiteFideId "1270513"]
[BlackFideId "13800485"]
[WhiteElo "2335"]
[BlackElo "1959"]
[Result "1-0"]
[Round "09"]
[TimeControl "180+1"]
[Date "2022.02.22"]
[WhiteClock "0:00:10"]
[BlackClock "0:00:17"]

1. d4 Nf6 2. c4 e6 3. Nf3 b6 4. Nc3 Bb7 5. Bg5 Bb4 6. e3 h6 7. Bh4 O-O 8. Qc2 d5 9. cxd5 exd5 10. Bd3 Nbd7 11. O-O a6 12. Ne5 Be7 13. f4 c5 14. Kh1 Rc8 15. Bf5 Rc7 16. g4 cxd4 17. exd4 Nxe5 18. fxe5 Ne4 19. Bxe7 Qxe7 20. Rae1 Rfc8 21. Bxc8 Nxc3 22. bxc3 Bxc8 23. h3 h5 24. gxh5 Qh4 25. Re3 Qxh5 26. Qg2 Be6 27. Kh2 g6 28. Rg3 Rc8 29. Rf6 Kg7 30. Qf2 Rh8 31. Rxe6 fxe6 32. Qf6+ Kh7 33. Qf7+ Kh6 34. Rg4 b5 35. Qf6 1-0


[Site "https://www.chess.com"]

[Event "Titled Tuesday Blitz February 22 Early 2022"]
[White "Volkov, Maksim"]
[Black "Jodorcovsky Werjivker, Paulo"]
[WhiteFideId "54123070"]
[BlackFideId "3700305"]
[WhiteElo "2081"]
[BlackElo "2075"]
[Result "1-0"]
[Round "09"]
[TimeControl "180+1"]
[Date "2022.02.22"]
[WhiteClock "0:01:19"]
[BlackClock "0:01:26"]

1. d4 d5 2. c4 e6 3. Nf3 Nf6 4. g3 dxc4 5. Bg2 c5 6. O-O Nc6 7. Qa4 Bd7 8. Qxc4 cxd4 9. Nxd4 Rc8 10. Nxc6 Bxc6 11. Bxc6+ Rxc6 12. Qa4 Bc5 13. Rd1 Qc7 14. Nc3 a6 15. Bf4 e5 16. Bg5 O-O 17. Bxf6 Rxf6 18. Nd5 Bxf2+ 19. Kg2 Qc6 20. Qxc6 bxc6 21. Nxf6+ gxf6 22. Kxf2 1-0


[Site "https://www.chess.com"]

[Event "Titled Tuesday Blitz February 22 Early 2022"]
[White "Vovk, Orest"]
[Black "Orozbaev, Eldiar"]
[WhiteFideId "14113490"]
[BlackFideId "13802240"]
[WhiteElo "2203"]
[BlackElo "2050"]
[Result "1-0"]
[Round "09"]
[TimeControl "180+1"]
[Date "2022.02.22"]
[WhiteClock "0:00:05"]
[BlackClock "0:00:05"]

1. h4 e5 2. h5 d5 3. h6 Nxh6 4. d4 e4 5. Bxh6 gxh6 6. e3 Bg7 7. c4 c6 8. Nc3 Be6 9. Qb3 Qd7 10. cxd5 cxd5 11. Nge2 Nc6 12. Nf4 Rd8 13. Rh5 f5 14. Nxe6 Qxe6 15. Ne2 Qf7 16. Nf4 O-O 17. g3 Ne7 18. Rc1 Rc8 19. Rxc8 Rxc8 20. Bh3 b6 21. Qa3 Qe8 22. Kf1 Ng6 23. Rxf5 Qb5+ 24. Kg2 Rc1 25. Kh2 Rc2 26. Nxd5 Qd7 27. Nf6+ Bxf6 28. Rxf6 Qd8 29. Be6+ Kh8 30. Rf7 Rc7 31. Rxc7 Qxc7 32. Qc3 Qd6 33. d5+ Ne5 34. Qc8+ Kg7 35. Qg8+ Kf6 36. Qh8+ Ke7 37. Qxh7+ Kd8 38. Qh8+ Ke7 39. Qh7+ Kd8 40. Kg2 Nf3 41. Qxe4 Ne1+ 42. Kf1 Qc5 43. Kxe1 Qc1+ 44. Ke2 Qxb2+ 45. Kf3 Qf6+ 46. Qf4 Qg7 47. Kg2 h5 48. Qb8+ Ke7 49. Qxa7+ Kf6 50. Qxg7+ Kxg7 1-0


[Site "https://www.chess.com"]

[Event "Titled Tuesday Blitz February 22 Early 2022"]
[White "Wagner, Dennis"]
[Black "Pajeken, Jakob Leon"]
[WhiteFideId "24650684"]
[BlackFideId "12942839"]
[WhiteElo "2355"]
[BlackElo "2351"]
[Result "0-1"]
[Round "09"]
[TimeControl "180+1"]
[Date "2022.02.22"]
[WhiteClock "0:00:15"]
[BlackClock "0:01:46"]

1. Nf3 Nf6 2. g3 d5 3. Bg2 g6 4. O-O Bg7 5. d4 O-O 6. c4 dxc4 7. Na3 Nc6 8. Nxc4 Be6 9. b3 a5 10. Bb2 a4 11. Rc1 Ra6 12. Ng5 Bg4 13. h3 Bd7 14. d5 Na5 15. Nxa5 Rxa5 16. b4 Rb5 17. a3 h6 18. Nf3 Rxd5 19. Nd4 Rd6 20. Qc2 c6 21. e3 e5 22. Ne2 Bf5 23. Qc3 Ne4 24. Bxe4 Bxe4 25. Rfd1 Rxd1+ 26. Rxd1 Qxd1+ 0-1


[Site "https://www.chess.com"]

[Event "Titled Tuesday Blitz February 22 Early 2022"]
[White "Weetik, Vjacheslav"]
[Black "Weishaeutel, Moritz"]
[WhiteFideId "4153472"]
[BlackFideId "12967300"]
[WhiteElo "2469"]
[BlackElo "2002"]
[Result "1-0"]
[Round "09"]
[TimeControl "180+1"]
[Date "2022.02.22"]
[WhiteClock "0:00:21"]
[BlackClock "0:00:57"]

1. e4 e6 2. d3 d5 3. Qe2 Nf6 4. Nf3 Be7 5. g3 O-O 6. Bg2 b6 7. O-O Ba6 8. c4 dxe4 9. dxe4 c5 10. e5 Nd5 11. Qe4 Nc7 12. Nc3 Nd7 13. Rd1 Qc8 14. Ng5 Bxg5 15. Bxg5 Rb8 16. Be7 Re8 17. Bd6 Bb7 18. Qg4 Bxg2 19. Kxg2 Rb7 20. Ne4 Qd8 21. Rd3 f5 22. exf6 Nxf6 23. Nxf6+ Qxf6 24. Qe4 Reb8 25. Rf3 Qg6 26. Qxb7 1-0


[Site "https://www.chess.com"]

[Event "Titled Tuesday Blitz February 22 Early 2022"]
[White "Winkels, Marcel"]
[Black "Karavaeva, Olga"]
[WhiteFideId "1003887"]
[BlackFideId "4124111"]
[WhiteElo "1900"]
[BlackElo "2105"]
[Result "0-1"]
[Round "09"]
[TimeControl "180+1"]
[Date "2022.02.22"]
[WhiteClock "0:00:08"]
[BlackClock "0:00:38"]

1. e4 c5 2. Nf3 e6 3. d4 cxd4 4. Nxd4 Nf6 5. Nc3 Nc6 6. Ndb5 d6 7. Bf4 e5 8. Bg5 a6 9. Na3 b5 10. Bxf6 gxf6 11. Nd5 Bg7 12. c3 f5 13. exf5 Bxf5 14. Nc2 O-O 15. Nce3 Bg6 16. Bd3 f5 17. Bc2 e4 18. O-O Ne5 19. f4 Nd7 20. a3 Nc5 21. b4 Ne6 22. Bb3 Kh8 23. c4 Nd4 24. Ba2 Rc8 25. Rc1 Qe8 26. Nc2 Ne6 27. Nce3 bxc4 28. Bxc4 Bh5 29. Qd2 Rg8 30. Bxa6 Rxc1 31. Rxc1 Qa8 32. b5 Nc5 33. Nxf5 Nb3 34. Qe1 Qxd5 35. Nxg7 Qd4+ 36. Kh1 Nxc1 37. Nxh5 Nd3 38. Qf1 Nf2+ 39. Kg1 Ng4+ 40. Kh1 Ne3 41. Qg1 Rxg2 42. Qxg2 Nxg2 43. Kxg2 Qb2+ 44. Kh3 Qxa3+ 45. Ng3 e3 46. Kg2 d5 47. Bb7 Qb2+ 48. Kf3 Qf2+ 49. Kg4 e2 50. Nxe2 Qxe2+ 51. Kf5 Qxb5 52. Bc8 d4+ 0-1


[Site "https://www.chess.com"]

[Event "Titled Tuesday Blitz February 22 Early 2022"]
[White "Xu, Yuanyuan"]
[Black "Piliczewski, Bogusz"]
[WhiteFideId "8601089"]
[BlackFideId "1104144"]
[WhiteElo "2281"]
[BlackElo "1896"]
[Result "1-0"]
[Round "09"]
[TimeControl "180+1"]
[Date "2022.02.22"]
[WhiteClock "0:00:33"]
[BlackClock "0:00:01"]

1. d4 d5 2. c4 c6 3. Nc3 Nf6 4. cxd5 cxd5 5. f3 Nc6 6. e4 dxe4 7. d5 Ne5 8. fxe4 e6 9. Nf3 Nxf3+ 10. Qxf3 exd5 11. Bb5+ Bd7 12. e5 Bxb5 13. exf6 Bb4 14. Qe3+ Kd7 15. Qd4 Qe8+ 16. Be3 Bxc3+ 17. bxc3 Bc4 18. fxg7 Rg8 19. O-O-O Rc8 20. Rhe1 Qe6 21. Bg5 Qg6 22. Re7+ 1-0


[Site "https://www.chess.com"]

[Event "Titled Tuesday Blitz February 22 Early 2022"]
[White "Yushko, Olga"]
[Black "Shton, Roman"]
[WhiteFideId "14114500"]
[BlackFideId "14137461"]
[WhiteElo "2028"]
[BlackElo "2038"]
[Result "0-1"]
[Round "09"]
[TimeControl "180+1"]
[Date "2022.02.22"]
[WhiteClock "0:00:03"]
[BlackClock "0:00:22"]

1. d4 d5 2. c4 e6 3. cxd5 exd5 4. Nc3 Bb4 5. Nf3 Nf6 6. Bg5 Qd6 7. e3 Ne4 8. Qb3 Nc6 9. Bf4 Qg6 10. a3 Nxc3 11. axb4 Ne4 12. Qxd5 O-O 13. Bd3 Nxb4 14. Qb3 Nxd3+ 15. Qxd3 Qxg2 16. O-O-O Qxf3 17. Rdf1 Bf5 18. Qc4 Nd6 19. Qc3 Nb5 20. Qb3 c6 21. Rhg1 Nxd4 22. Qc4 Ne2+ 23. Kd2 Rad8+ 24. Ke1 Nxg1 25. Qc1 Nh3 26. Bg3 Rd7 27. e4 Rfd8 0-1


[Site "https://www.chess.com"]

[Event "Titled Tuesday Blitz February 22 Early 2022"]
[White "Zaksaite, Salomeja"]
[Black "Toncheva, Nadya"]
[WhiteFideId "12801496"]
[BlackFideId "2924056"]
[WhiteElo "2002"]
[BlackElo "1920"]
[Result "0-1"]
[Round "09"]
[TimeControl "180+1"]
[Date "2022.02.22"]
[WhiteClock "0:00:01"]
[BlackClock "0:00:07"]

1. e4 d5 2. exd5 Qxd5 3. Nc3 Qa5 4. Bc4 Nf6 5. Qe2 Bf5 6. d3 c6 7. Bd2 Qc7 8. h3 h6 9. g4 Bh7 10. f4 Nbd7 11. Nf3 Bg8 12. Ne5 e6 13. O-O-O O-O-O 14. Rhe1 Bd6 15. Qf2 Kb8 16. d4 Nb6 17. Bb3 Nbd5 18. Ne4 Nxe4 19. Rxe4 Bh7 20. Re2 Rhe8 21. a3 f6 22. Bxd5 exd5 23. Nd3 Rxe2 24. Qxe2 Bxd3 25. Qxd3 Bxf4 26. Kb1 Bxd2 27. Rxd2 Re8 28. Ka2 Re4 29. Re2 Qf4 30. Rxe4 Qxe4 31. Qd2 a6 32. c3 Ka7 33. Qh2 Qe7 34. Qf4 Qf7 35. Qd6 g6 36. a4 f5 37. gxf5 Qxf5 38. Qc5+ Ka8 39. a5 Qf7 40. Qd6 Qe8 41. Qf4 Ka7 0-1


[Site "https://www.chess.com"]

[Event "Titled Tuesday Blitz February 22 Early 2022"]
[White "Zanette, Edgard Vinicius"]
[Black "Mohammadian, Mohammad"]
[WhiteFideId "2109263"]
[BlackFideId "12566055"]
[WhiteElo "2182"]
[BlackElo "1543"]
[Result "1-0"]
[Round "09"]
[TimeControl "180+1"]
[Date "2022.02.22"]
[WhiteClock "0:00:14"]
[BlackClock "0:00:59"]

1. e4 e5 2. Nc3 Nf6 3. f4 d6 4. Nf3 Bg4 5. fxe5 dxe5 6. Bc4 Bxf3 7. Qxf3 Nc6 8. d3 Be7 9. Be3 O-O 10. O-O Nd4 11. Qd1 c5 12. Ne2 Nxe2+ 13. Qxe2 b6 14. c3 Qc7 15. Rf5 Bd6 16. Rxf6 gxf6 17. Rf1 Be7 18. Bh6 Kh8 19. Bxf8 Rxf8 20. Qh5 Qd7 21. Rf3 Qa4 22. Bb3 Qd7 23. Rh3 Qxh3 24. Qxh3 Kg7 25. Qd7 Bd8 26. Be6 Kg8 27. Bxf7+ Rxf7 28. Qxd8+ Kg7 29. Qd5 Kg6 30. Qxf7+ Kxf7 31. Kf2 Ke6 32. Kf3 h5 33. Kg3 a5 34. Kh4 f5 35. Kxh5 f4 36. Kg4 Kf6 37. g3 fxg3 38. hxg3 Kg6 39. c4 a4 40. a3 Kf6 41. Kh5 Kg7 42. Kg5 Kf7 43. Kf5 Ke7 44. Kxe5 Kf7 45. Kd5 Kg6 46. e5 Kf7 47. Kd6 Ke8 48. g4 Kd8 49. g5 Ke8 50. g6 Kd8 51. g7 Ke8 52. g8=Q# 1-0


[Site "https://www.chess.com"]

[Event "Titled Tuesday Blitz February 22 Early 2022"]
[White "Zavgorodniy, Sergiy"]
[Black "Gunina, Valentina"]
[WhiteFideId "14110148"]
[BlackFideId "4167570"]
[WhiteElo "2420"]
[BlackElo "2465"]
[Result "1-0"]
[Round "09"]
[TimeControl "180+1"]
[Date "2022.02.22"]
[WhiteClock "0:00:03"]
[BlackClock "0:00:02"]

1. e4 c6 2. d4 d5 3. exd5 cxd5 4. c4 Nf6 5. Nc3 Nc6 6. Nf3 a6 7. cxd5 Nxd5 8. Qb3 Be6 9. Ng5 Nxd4 10. Qa4+ Nc6 11. Nxe6 fxe6 12. Be2 Nf6 13. O-O g6 14. Qb3 b5 15. Nxb5 axb5 16. Bxb5 Rc8 17. Qxe6 Qd7 18. Qc4 Qd5 19. Qa4 Bg7 20. Be3 Qe4 21. Rac1 O-O 22. Qxe4 Nxe4 23. Bxc6 Nd6 24. Bd5+ Kh8 25. b3 Nb5 26. a4 Nc3 27. Bc4 Rfd8 28. g3 Ne4 29. a5 Nd6 30. Be2 Rb8 31. Rb1 Nf5 32. Bb6 Rd2 33. Bc4 Bd4 34. Bxd4+ Nxd4 35. Rfd1 Rxd1+ 36. Rxd1 Nc6 37. Ra1 Kg7 38. a6 Na7 39. Bd5 Rb5 40. Bc4 Rb6 41. Kf1 Kf6 42. Ke2 Ke5 43. Kd3 Kd6 44. Kc3 Kd7 45. b4 Rf6 46. b5 Kc7 47. Kb4 Kb6 48. Re1 Nc8 49. Re6+ Rxe6 50. Bxe6 Nd6 51. Bd7 Ne4 52. f4 Nf2 53. Be6 Nd3+ 54. Kc4 Ne1 55. Bd5 Nc2 56. Bc6 Ne3+ 57. Kd4 Ng4 58. Kd5 Nxh2 59. Ke6 Nf1 60. Kd7 1-0


[Site "https://www.chess.com"]

[Event "Titled Tuesday Blitz February 22 Early 2022"]
[White "Zemerov, Vladimir"]
[Black "Vusatiuk, Vladimir"]
[WhiteFideId "4111583"]
[BlackFideId "14118610"]
[WhiteElo "2277"]
[BlackElo "2157"]
[Result "1-0"]
[Round "09"]
[TimeControl "180+1"]
[Date "2022.02.22"]
[WhiteClock "0:00:31"]
[BlackClock "0:00:01"]

1. e4 c5 2. Nf3 d6 3. d4 cxd4 4. Qxd4 a6 5. h3 Nc6 6. Qe3 Nf6 7. c4 g6 8. Nc3 Bg7 9. Be2 O-O 10. O-O Bd7 11. Rd1 Rc8 12. Rb1 Qc7 13. b3 Qb8 14. Bb2 Rfd8 15. Rbc1 Na7 16. a4 b5 17. axb5 axb5 18. Qd2 bxc4 19. Bxc4 Nc6 20. Qe2 Na5 21. e5 Nxc4 22. exf6 Nxb2 23. fxe7 Nxd1 24. exd8=Q+ Rxd8 25. Qxd1 Be6 26. Nd5 Qb7 27. Ne3 Qxb3 28. Qd2 h6 29. Nd4 Qa2 30. Qd1 Kh7 31. h4 Bxd4 32. Qxd4 Qa5 33. Rd1 Rd7 34. Qf6 Qe5 35. Qf3 d5 36. Ng4 Bxg4 37. Qxg4 Qe6 38. Qd4 Re7 39. g3 Rd7 40. Rd3 h5 41. Re3 Qf5 42. Re5 Qb1+ 43. Kg2 Rd8 44. Rxd5 Rxd5 45. Qxd5 Qf5 46. Qxf5 gxf5 47. Kf3 Kg6 48. Kf4 Kf6 49. f3 Kg6 50. Ke5 f6+ 51. Kf4 Kg7 52. Kxf5 Kf7 53. g4 hxg4 54. fxg4 Kg7 55. h5 Kf7 56. h6 Kg8 57. Kxf6 1-0


[Site "https://www.chess.com"]